details: '2v2_gayestbeststrat_10'

« prev index next »

General information

Mini Map

Players

team 1
NightElfofFsPrlnG (orange | 50 APM | 311 actions | 06:11)
Hero icon 1 Demon Hunter
Ability icon 1 Mana Burn

» actions
Assign group hotkey8
Basic commands6
Build / train17
ESC pressed3
Enter build submenu6
Enter hero's abilities submenu1
Right click123
Select / deselect92
Select group hotkey27
Use ability28
311 total
» units
Wisp12
Archer1
13 total
» buildings
Altar of Elders1
Moon Well3
Ancient of War2
6 total
» build order
00:20 Altar of Elders
00:29 Moon Well
00:51 Moon Well
01:05 Ancient of War
03:05 Ancient of War
03:11 Moon Well
UndeadThe.Emerald.One (red | 59 APM | 363 actions | 06:08)
Hero icon 1 Death Knight
Ability icon 1 Death Coil

» actions
Assign group hotkey8
Basic commands20
Build / train19
Enter build submenu7
Enter hero's abilities submenu1
Right click142
Select / deselect81
Select group hotkey71
Use ability14
363 total
» units
Acolyte6
Ghoul1
Crypt Fiend5
12 total
» buildings
Crypt1
Graveyard1
Altar of Darkness1
Ziggurat2
Tomb of Relics1
Nerubian Tower1
Halls of the Dead1
8 total
» build order
00:10 Crypt
00:12 Graveyard
00:31 Altar of Darkness
00:49 Ziggurat
01:05 Tomb of Relics
01:51 Ziggurat
02:52 Nerubian Tower
04:57 Halls of the Dead
» items
Rod of Necromancy1
Dust of Appearance1
2 total
team 2
Humancalpants (pink | 107 APM | 666 actions | 06:11)
Hero icon 1 Paladin
Ability icon 1 Holy Light

» actions
Assign group hotkey3
Basic commands53
Build / train32
Enter build submenu21
Enter hero's abilities submenu1
Right click316
Select / deselect117
Select group hotkey56
Use ability67
666 total
» units
Peasant12
12 total
» upgrades
Masonry1
1 total
» buildings
Lumber Mill2
Scout Tower10
Guard Tower13
Arcane Tower3
Farm3
Altar of Kings1
Keep1
Town Hall1
34 total
» build order
00:20 Lumber Mill
00:53 Scout Tower
00:56 Scout Tower
00:59 Scout Tower
01:01 Scout Tower
01:02 Scout Tower
01:04 Scout Tower
01:22 Guard Tower
01:22 Guard Tower
01:23 Guard Tower
01:31 Guard Tower
01:31 Guard Tower
01:47 Guard Tower
01:57 Arcane Tower
01:58 Arcane Tower
02:10 Farm
02:12 Altar of Kings
02:55 Scout Tower
02:57 Scout Tower
03:10 Lumber Mill
03:26 Guard Tower
03:26 Guard Tower
03:45 Farm
04:00 Guard Tower
04:00 Guard Tower
04:02 Scout Tower
04:04 Scout Tower
04:32 Arcane Tower
04:32 Guard Tower
04:36 Farm
04:43 Keep
05:23 Town Hall
OrcComputer(Elite) (teal | 29 APM | 182 actions | 06:11)
Hero icon 1 Blademaster
Ability icon 1 Wind Walk

» actions
Build / train12
Enter build submenu7
Enter hero's abilities submenu1
Right click102
Select / deselect48
Use ability12
182 total
» units
Peon6
Grunt4
10 total
» buildings
Altar of Storms1
Orc Burrow2
Barracks2
Voodoo Lounge1
6 total
» build order
00:07 Altar of Storms
00:11 Orc Burrow
03:01 Barracks
03:51 Orc Burrow
04:02 Barracks
04:27 Voodoo Lounge